[Event "ICC tourney 2212 (3 2)"]
[Site "Internet Chess Club"]
[Date "2020.12.18"]
[Round "4"]
[White "xcelswimmer"]
[Black "Goran21"]
[Result "0-1"]
[ICCResult "White resigns"]
[WhiteElo "1920"]
[BlackElo "2008"]
[Opening "King's Indian: Sämisch, Panno main line"]
[ECO "E84"]
[NIC "KI.35"]
[Time "20:45:59"]
[TimeControl "180+2"]

1. d4 Nf6 2. c4 g6 3. f3 Bg7 4. e4 d6 5. Nc3 O-O 6. Be3 Nc6 7. Nge2 a6 8.
Qd2 Rb8 9. Rc1 Bd7 10. Nf4 Nxd4 11. Bxd4 e5 12. Be3 exf4 13. Bxf4 Re8 14.
Be2 Nh5 15. Be3 f5 16. O-O Be6 17. Bd4 Nf4 18. g3 Nxe2+ 19. Nxe2 fxe4 20.
Bxg7 Kxg7 21. Qd4+ Kg8 22. fxe4 Bh3 23. Rf2 Qg5 24. Qd5+ Qxd5 25. cxd5 Re7
26. Nf4 Bg4 27. Rfc2 g5 28. Ne6 Bxe6 29. dxe6 c6 30. Rd2 Rxe6 31. Rcd1 Rd8
32. e5 d5 33. Re1 Rde8 34. Rde2 Kg7 35. Kg2 g4 36. h3 h5 37. hxg4 hxg4 38.
b4 Kg6 39. Re3 Kf5 40. Rf1+ Kg5 41. Rfe1 b6 42. a4 d4 43. Re4 c5 44. bxc5
bxc5 45. Kf2 Rf8+ 46. Ke2 Rf3 47. Rg1 Kf5 48. Rf4+ Rxf4 49. gxf4 Kxf4 50.
Kd3 Rxe5 51. Kc4 g3 52. Rf1+ Kg4 53. Rf8 g2 54. Rg8+ Rg5 {White resigns} 0-1

[Event "ICC tourney 2212 (3 2)"]
[Site "Internet Chess Club"]
[Date "2020.12.18"]
[Round "4"]
[White "hackerguru"]
[Black "breaker90"]
[Result "0-1"]
[ICCResult "White resigns"]
[WhiteElo "1756"]
[BlackElo "2112"]
[Opening "English: symmetrical, main line with d3"]
[ECO "A38"]
[NIC "EO.27"]
[Time "20:45:56"]
[TimeControl "180+2"]

1. Nf3 Nf6 2. c4 g6 3. Nc3 Bg7 4. g3 O-O 5. Bg2 c5 6. O-O Nc6 7. d3 d6 8. e4
e5 9. Bg5 h6 10. Bxf6 Bxf6 11. Nd5 Bg7 12. Nd2 Be6 13. h3 h5 14. h4 Bh6 15.
Nf3 Bxd5 16. exd5 Nd4 17. Nxd4 cxd4 18. Qe2 f5 19. c5 f4 20. Qe4 Kg7 21. c6
Qe7 22. Rae1 Rf7 23. Bh3 Raf8 24. Be6 Rf6 25. Bh3 R8f7 26. Bd7 Rf8 27. b4
Qd8 28. b5 f3 29. Kh2 Rf4 30. c7 Qxd7 31. gxf4 Bxf4+ 32. Qxf4 Rxf4
{White resigns}
0-1

[Event "ICC tourney 2212 (3 2)"]
[Site "Internet Chess Club"]
[Date "2020.12.18"]
[Round "4"]
[White "stephenwilly"]
[Black "bopala"]
[Result "0-1"]
[ICCResult "White checkmated"]
[WhiteElo "1496"]
[BlackElo "1939"]
[Opening "Giuoco Pianissimo: Canal variation"]
[ECO "C55"]
[NIC "IG.01"]
[Time "20:46:08"]
[TimeControl "180+2"]

1. e4 e5 2. Nf3 Nc6 3. Bc4 Nf6 4. d3 Bc5 5. Nc3 d6 6. Bg5 h6 7. Bh4 Be6 8.
a3 Qd7 9. Bxf6 gxf6 10. Bd5 O-O-O 11. Bxc6 Qxc6 12. O-O f5 13. b4 Bxf2+ 14.
Rxf2 Qxc3 15. Nd2 fxe4 16. Nxe4 Qc6 17. a4 f5 18. Nd2 Rhg8 19. c4 e4 20. b5
Qc5 21. dxe4 fxe4 22. Nxe4 Qxc4 23. Ng3 Rdf8 24. Rc2 Qf4 25. Rac1 Rf7 26. a5
Bb3 27. b6 Bxc2 28. Qxc2 Qe3+ 29. Kh1 Re8 30. Qc4 axb6 31. axb6 Rfe7 32.
bxc7 Qxc1+ 33. Qxc1 Re1+ 34. Nf1 Rxc1 35. Kg1 Ree1 36. Kf2 Rxf1+ 37. Kg3
Kxc7 38. h4 b5 39. Kg4 b4 40. Kh5 b3 41. Kxh6 b2 42. g4 b1=Q 43. g5 Rh1 44.
g6 Rxh4+ 45. Kg7 Rg4 46. Kf7 Qxg6+ 47. Ke7 Re4+ 48. Kf8 Rf1# {White
checkmated} 0-1

[Event "ICC tourney 2212 (3 2)"]
[Site "Internet Chess Club"]
[Date "2020.12.18"]
[Round "4"]
[White "MrNormalName"]
[Black "jy2020"]
[Result "1/2-1/2"]
[ICCResult "Game drawn because neither player has mating material"]
[WhiteElo "2181"]
[BlackElo "2227"]
[Opening "Catalan: open, 5.Nf3"]
[ECO "E04"]
[NIC "CA.03"]
[Time "20:46:50"]
[TimeControl "180+2"]

1. d4 Nf6 2. c4 e6 3. g3 d5 4. Bg2 dxc4 5. Nf3 a6 6. O-O Nc6 7. e3 Rb8 8.
Nfd2 e5 9. Bxc6+ bxc6 10. dxe5 Ng4 11. Nxc4 Be6 12. Qxd8+ Rxd8 13. Nbd2 Bb4
14. b3 Bc3 15. Rb1 Nxe5 16. Nxe5 Bxe5 17. Bb2 Rxd2 18. Bxe5 f6 19. Bxc7 Rxa2
20. Rfd1 Kf7 21. b4 Rc8 22. Bd6 a5 23. bxa5 Rxa5 24. Rb7+ Kg6 25. Bf4 Rd5
26. Ra1 Rcd8 27. Kg2 R8d7 28. Rxd7 Rxd7 29. e4 Rd4 30. f3 Rc4 31. g4 h5 32.
h3 h4 33. Rc1 Rxc1 34. Bxc1 Kf7 35. f4 Bc4 36. Be3 Bd3 37. e5 fxe5 38. fxe5
Ke6 39. Bd4 c5 40. Bxc5 Kxe5 41. Be7 g6 42. Bxh4 Ke6 43. Kf3 Kf7 44. Be1 Kg8
45. Bc3 Kh7 46. Kf4 Bf1 47. h4 Be2 48. Kg5 Bd1 49. h5 gxh5 50. Kxh5 Bxg4+
{Game drawn because neither player has mating material}
1/2-1/2

[Event "ICC tourney 2212 (3 2)"]
[Site "Internet Chess Club"]
[Date "2020.12.18"]
[Round "4"]
[White "Shakhmatova"]
[Black "edenhe"]
[Result "0-1"]
[ICCResult "White checkmated"]
[WhiteElo "1792"]
[BlackElo "1518"]
[Opening "French defense"]
[ECO "C00"]
[NIC "FR.01"]
[Time "20:46:14"]
[TimeControl "180+2"]

1. e4 e6 2. Nf3 d5 3. exd5 exd5 4. d4 Bd6 5. Be2 Bf5 6. Be3 Nf6 7. h3 O-O 8.
Nbd2 c6 9. Nf1 Nbd7 10. Ng3 Bg6 11. Nh4 Re8 12. Nxg6 hxg6 13. Qd2 Qc7 14. f4
Ne4 15. Nxe4 Rxe4 16. O-O Rae8 17. Rf3 Nb6 18. Raf1 Nc4 19. Bxc4 dxc4 20. c3
Qe7 21. Bf2 Re2 22. Qc1 Qe4 23. Bg3 Rc2 24. Qb1 c5 25. Re1 Re2 26. Qd1 Rxe1+
27. Bxe1 Qxe1+ 28. Qxe1 Rxe1+ 29. Kf2 Rb1 30. Re3 Rxb2+ 31. Kf3 cxd4 32.
cxd4 Rxa2 33. Re8+ Kh7 34. Kg4 f6 35. g3 c3 36. Rc8 c2 37. Kf3 Ba3 38. g4
c1=Q 39. Rxc1 Bxc1 40. f5 gxf5 41. gxf5 Ra3+ 42. Kg4 Bg5 43. h4 Bc1 44. h5
Kh6 45. d5 Ra4+ 46. Kf3 Kxh5 47. d6 Rd4 48. Ke2 Rxd6 49. Kf3 Kg5 50. Ke4 a6
51. Kf3 Kxf5 52. Ke2 Kf4 53. Kf2 Rd2+ 54. Ke1 Kf3 55. Kf1 Rd1#
{White checkmated}
0-1

[Event "ICC tourney 2212 (3 2)"]
[Site "Internet Chess Club"]
[Date "2020.12.18"]
[Round "4"]
[White "Monkeybomb3605"]
[Black "Zapateado"]
[Result "0-1"]
[ICCResult "White resigns"]
[WhiteElo "2047"]
[BlackElo "1908"]
[Opening "Sicilian: accelerated fianchetto, Maróczy bind"]
[ECO "B36"]
[NIC "SI.33"]
[Time "20:45:55"]
[TimeControl "180+2"]

1. e4 c5 2. Nf3 g6 3. d4 cxd4 4. Nxd4 Nc6 5. c4 Nf6 6. Nc3 d6 7. Be2 Nxd4 8.
Qxd4 Bg7 9. Be3 O-O 10. Qd2 Be6 11. O-O Re8 12. Rac1 Qa5 13. f4 Rac8 14. b3
a6 15. f5 gxf5 16. exf5 Bxf5 17. b4 Qe5 18. Bf4 Qe6 19. Rce1 Qd7 20. Bh6 Bg6
21. Bxg7 Kxg7 22. h4 h5 23. Qg5 Nh7 24. Qe3 Nf6 25. Qg5 Nh7 26. Qe3 a5 27.
b5 Rc5 28. Nd5 e6 29. Qc3+ e5 30. Qxa5 Qd8 31. Qd2 Qxh4 32. Rf3 Qd4+ 33. Kh1
Qxd2 34. Rff1 Rxd5 35. cxd5 Nf6 36. Bf3 Ng4 37. Rd1 Qg5 38. Kg1 Qe3+ 39. Kh1
Nf2+ 40. Kh2 Nxd1 41. Rxd1 e4 {White resigns} 0-1

[Event "ICC tourney 2212 (3 2)"]
[Site "Internet Chess Club"]
[Date "2020.12.18"]
[Round "4"]
[White "chessrex"]
[Black "PearsonH"]
[Result "0-1"]
[ICCResult "White resigns"]
[WhiteElo "1958"]
[BlackElo "1756"]
[Opening "French defense"]
[ECO "C11"]
[NIC "FR.04"]
[Time "20:46:12"]
[TimeControl "180+2"]

1. d4 e6 2. e4 d5 3. Nc3 Nf6 4. a3 Nxe4 5. Nxe4 dxe4 6. c3 c5 7. Be3 cxd4 8.
cxd4 Nc6 9. Nh3 Bd6 10. Bc4 O-O 11. O-O Qc7 12. g3 e5 13. Ng5 exd4 14. Bxd4
Nxd4 15. Qxd4 h6 16. Nxe4 Be5 17. Qc5 Qxc5 18. Nxc5 Bxb2 19. Ra2 Bd4 20. Nb3
Bf6 21. Bd5 Rd8 22. Rd2 Kf8 23. Rfd1 Bg4 24. f3 Be6 25. Bxe6 fxe6 26. Rxd8+
Rxd8 27. Rxd8+ Bxd8 28. Nc5 Be7 29. Nxb7 Bxa3 30. Kf1 Ke7 31. Na5 Bc5 32.
Ke2 a6 33. Kd3 Kd7 34. Kc4 Bb6 35. Nb3 Bg1 36. h3 Bf2 37. g4 Ba7 38. Na5 Kd6
39. Nb7+ Kc7 40. Na5 Bb6 41. Nb3 Kd6 42. Kd3 Kd5 43. h4 e5 44. Nd2 g6 45.
Nc4 Bd4 46. Na5 h5 47. gxh5 gxh5 48. Nc4 Bf2 49. Nd2 Bxh4 50. Ne4 Bd8 51.
Nc3+ Kd6 52. Ne4+ Ke6 53. Ng3 h4 54. Ne4 a5 55. Kc4 h3 56. Nf2 h2 57. Kb5
Kf5 58. Kc4 Kf4 59. Kd3 Kxf3 60. Nh1 Kg2 61. Ke2 Kxh1 62. Kf1 a4 {White
resigns} 0-1

[Event "ICC tourney 2212 (3 2)"]
[Site "Internet Chess Club"]
[Date "2020.12.18"]
[Round "4"]
[White "Kinawa"]
[Black "Averyyu321"]
[Result "1-0"]
[ICCResult "Black forfeits on time"]
[WhiteElo "1535"]
[BlackElo "1739"]
[Opening "Sicilian: dragon, Yugoslav attack"]
[ECO "B75"]
[NIC "SI.17"]
[Time "20:46:02"]
[TimeControl "180+2"]

1. e4 c5 2. Nf3 d6 3. d4 cxd4 4. Nxd4 Nf6 5. Nc3 g6 6. Be3 Bg7 7. f3 a6 8.
Bc4 b5 9. Bb3 Bb7 10. Qd2 Nbd7 11. g4 Rc8 12. h4 h5 13. g5 Nh7 14. Bd5 Qc7
15. Bxb7 Qxb7 16. O-O-O Ne5 17. Bf2 Qc7 18. f4 Nc4 19. Qd3 b4 20. Nce2 Qa5
21. Kb1 Qc7 22. f5 Ne5 23. Qb3 a5 24. fxg6 Nxg6 25. Qa4+ Kf8 26. Bg3 Kg8 27.
Rhf1 Nhf8 28. Qb3 e6 29. Nb5 Qc4 30. Qxc4 Rxc4 31. Nxd6 Rc7 32. Ne8 Rc8 33.
Nxg7 Kxg7 34. Rd2 Kg8 35. Nf4 Nxf4 36. Bxf4 Ng6 37. Bg3 Kg7 38. Rd7 Rhf8 39.
e5 Rcd8 40. Ra7 Rd5 41. Ra6 Nxe5 42. Bxe5+ Rxe5 43. Ra7 {Black forfeits on
time} 1-0

[Event "ICC tourney 2212 (3 2)"]
[Site "Internet Chess Club"]
[Date "2020.12.18"]
[Round "4"]
[White "Harsha777"]
[Black "TjkTiger"]
[Result "0-1"]
[ICCResult "White resigns"]
[WhiteElo "2559"]
[BlackElo "2602"]
[Opening "Bird's opening"]
[ECO "A02"]
[NIC "VO.07"]
[Time "20:46:03"]
[TimeControl "180+2"]

1. f4 Nf6 2. Nf3 g6 3. g3 Bg7 4. Bg2 O-O 5. O-O d5 6. d3 b6 7. Qe1 Bb7 8.
Nbd2 Nbd7 9. c3 Re8 10. Nb3 e5 11. fxe5 Nxe5 12. Nxe5 Rxe5 13. Bf4 Re8 14.
Bg5 Re5 15. Qd2 Ne4 16. Bxd8 Nxd2 17. Bxc7 Rxe2 18. Nxd2 Rxd2 19. Rf2 Rxf2
20. Kxf2 b5 21. Re1 Rc8 22. Be5 Bf8 23. Bd4 a5 24. Bf3 h5 25. h4 b4 26. Re2
a4 27. cxb4 Bxb4 28. a3 Bf8 29. g4 hxg4 30. Bxg4 Rb8 31. h5 Bc8 32. Bxc8
Rxc8 33. hxg6 fxg6 34. Re6 Kf7 35. Ra6 Rc2+ 36. Kf3 Rd2 37. Rxa4 Rxd3+ 38.
Ke2 Rb3 39. Kd1 g5 40. Kc2 Rh3 41. b4 g4 42. b5 Rxa3 43. Rxa3 Bxa3 44. Be5
Ke6 45. Bg3 Bd6 46. Bf2 g3 47. Bg1 Bb8 48. Kd3 Kd7 49. Ke2 Bd6 50. Kd3 Be5
51. Ke2 Ke6 52. Kf3 Kd6 53. Ke2 d4 54. b6 Kc6 55. Kf3 d3 56. Ke3 Bd4+ 57.
Kxd3 Bxg1 {White resigns} 0-1

[Event "ICC tourney 2212 (3 2)"]
[Site "Internet Chess Club"]
[Date "2020.12.18"]
[Round "5"]
[White "Goran21"]
[Black "Monkeybomb3605"]
[Result "1-0"]
[ICCResult "Black resigns"]
[WhiteElo "2008"]
[BlackElo "2047"]
[Opening "Sicilian"]
[ECO "B50"]
[NIC "SI.01"]
[Time "20:58:06"]
[TimeControl "180+2"]

1. e4 c5 2. Nf3 d6 3. c3 Nf6 4. Be2 Nbd7 5. Qc2 g6 6. d4 b6 7. e5 dxe5 8.
dxe5 Ng4 9. Qe4 Rb8 10. Qxg4 Nxe5 11. Bb5+ Bd7 12. Bxd7+ Nxd7 13. Bf4 Rc8
14. O-O Bg7 15. Rd1 e6 16. Bd6 {Black resigns} 1-0

[Event "ICC tourney 2212 (3 2)"]
[Site "Internet Chess Club"]
[Date "2020.12.18"]
[Round "5"]
[White "Jeffchess"]
[Black "iszerencsy"]
[Result "0-1"]
[ICCResult "White checkmated"]
[WhiteElo "1254"]
[BlackElo "1377"]
[Opening "Sicilian defense"]
[ECO "B20"]
[NIC "SI.48"]
[Time "20:58:12"]
[TimeControl "180+2"]

1. e4 c5 2. Bc4 e6 3. Nc3 Nc6 4. Bb5 Nf6 5. Bxc6 bxc6 6. e5 Nd5 7. Nxd5 cxd5
8. c4 dxc4 9. Nf3 d5 10. exd6 Bxd6 11. Qa4+ Bd7 12. Qxc4 O-O 13. O-O Rb8 14.
b3 Bb5 15. Qc2 Bxf1 16. Kxf1 Qb6 17. Bb2 c4 18. Qe4 cxb3 19. Qg4 f6 20.
Qxe6+ Kh8 21. axb3 Qxb3 22. Qxd6 Qxb2 23. Qa6 Rfe8 24. Qxa7 Qb1+ 25. Ne1
Rxe1# {White checkmated} 0-1

[Event "ICC tourney 2212 (3 2)"]
[Site "Internet Chess Club"]
[Date "2020.12.18"]
[Round "5"]
[White "SupaHotFiya"]
[Black "Harsha777"]
[Result "0-1"]
[ICCResult "White checkmated"]
[WhiteElo "1982"]
[BlackElo "2559"]
[Opening "Queen's pawn game"]
[ECO "D00"]
[NIC "QP.08"]
[Time "20:58:17"]
[TimeControl "180+2"]

1. d4 d5 2. e3 e6 3. Bd3 Nf6 4. f4 b6 5. Qe2 Bb7 6. Nf3 Qc8 7. Ne5 Ba6 8.
O-O Be7 9. Nd2 O-O 10. c3 c5 11. Rf3 Bxd3 12. Qxd3 Qb7 13. Rh3 Ne4 14. Nxe4
dxe4 15. Qe2 f6 16. Qh5 fxe5 17. Qxh7+ Kf7 18. Qh5+ g6 19. Qh7+ Ke8 20.
Qxg6+ Kd7 21. fxe5 Qa6 22. Bd2 Qe2 23. Rh6 Qf2+ 24. Kh1 Qf1+ 25. Rxf1 Rxf1#
{White checkmated}
0-1

[Event "ICC tourney 2212 (3 2)"]
[Site "Internet Chess Club"]
[Date "2020.12.18"]
[Round "5"]
[White "baldwinsthename"]
[Black "blackjack721"]
[Result "1-0"]
[ICCResult "Black checkmated"]
[WhiteElo "1215"]
[BlackElo "1492"]
[Opening "French: Steinitz variation"]
[ECO "C11"]
[NIC "QP.07"]
[Time "20:58:05"]
[TimeControl "180+2"]

1. d4 Nf6 2. Nc3 d5 3. e4 e6 4. e5 Ne4 5. Nxe4 dxe4 6. f4 exf3 7. Qxf3 Nc6
8. c3 Bd7 9. Be3 Be7 10. Bd3 Bg5 11. Nh3 Bxe3 12. Qxe3 Qh4+ 13. Nf2 O-O 14.
O-O-O f6 15. Rdf1 fxe5 16. dxe5 Qa4 17. Bb1 Na5 18. Qd3 Qf4+ 19. Kd1 Qh6 20.
Ng4 Qh5 21. Qh3 Qxh3 22. gxh3 Bc6 23. Rhg1 Nc4 24. Nf6+ Rxf6 25. exf6 Nxb2+
26. Kc2 Be4+ 27. Kxb2 Bxb1 28. Rxg7+ Kh8 29. Kxb1 a5 30. Rfg1 a4 31. f7 h5
32. Rg8+ Kh7 33. Rxa8 Kh6 34. f8=Q+ Kh7 35. Qg7# {Black checkmated} 1-0

[Event "ICC tourney 2212 (3 2)"]
[Site "Internet Chess Club"]
[Date "2020.12.18"]
[Round "5"]
[White "yogokings12"]
[Black "hackerguru"]
[Result "0-1"]
[ICCResult "White resigns"]
[WhiteElo "1575"]
[BlackElo "1756"]
[Opening "Sicilian: Nimzovich-Rossolimo attack (with ...g6, without ...d6)"]
[ECO "B31"]
[NIC "SI.31"]
[Time "20:58:08"]
[TimeControl "180+2"]

1. e4 c5 2. Nf3 Nc6 3. Bb5 g6 4. Bxc6 dxc6 5. d3 Bg7 6. h3 Nf6 7. Nc3 Nd7 8.
Be3 e5 9. Qd2 h6 10. O-O Qe7 11. Nh2 h5 12. f4 exf4 13. Bxf4 O-O 14. Bh6 Ne5
15. Bxg7 Kxg7 16. Nf3 Nxf3+ 17. Rxf3 Be6 18. Raf1 Rad8 19. Qf2 f6 20. a3 b6
21. Ne2 g5 22. Ng3 h4 23. Nh5+ Kg6 24. Nxf6 c4 25. Ng4 Rxf3 26. Qxf3 Bxg4
27. hxg4 cxd3 28. cxd3 Qe6 29. Qf5+ Qxf5 30. gxf5+ Kf6 31. Rf3 g4 32. Re3
Ke5 33. Kf2 c5 34. Ke2 Rh8 35. Kf2 b5 36. b3 a5 37. a4 bxa4 38. bxa4 Rb8 39.
Re2 Rb3 40. Ke3 c4 41. Rd2 Rxd3+ 42. Rxd3 cxd3 43. Kxd3 h3 44. gxh3 gxh3 45.
Ke3 h2 {White resigns} 0-1

[Event "ICC tourney 2212 (3 2)"]
[Site "Internet Chess Club"]
[Date "2020.12.18"]
[Round "5"]
[White "yav"]
[Black "Shakhmatova"]
[Result "0-1"]
[ICCResult "White resigns"]
[WhiteElo "1216"]
[BlackElo "1792"]
[Opening "QP counter-gambit (elephant gambit)"]
[ECO "C40"]
[NIC "KP.10"]
[Time "20:58:22"]
[TimeControl "180+2"]

1. e4 e5 2. Nf3 d5 3. exd5 e4 4. Ng1 Qxd5 5. Nc3 Qe6 6. Qe2 Nf6 7. b3 Be7 8.
Bb2 O-O 9. O-O-O Nc6 10. h3 Nd4 11. Qe3 Bc5 12. Bc4 Qb6 13. Qf4 Bd6 14. Qh4
Nf5 15. Qg5 h6 16. Na4 Qxf2 17. Rf1 Qxf1+ 18. Bxf1 hxg5 19. Ne2 Nd5 20. g4
Nh4 21. Nd4 Bf4 22. Bc4 Be6 23. Nc5 Rfe8 24. Ndxe6 fxe6 25. Re1 e3 26. dxe3
Bxe3+ 27. Kb1 Bxc5 28. Rf1 Ne3 29. Re1 Nxc4 30. bxc4 Nf3 31. Re2 Rad8 32.
Rf2 Rd1+ 33. Bc1 Bxf2 {White resigns} 0-1

[Event "ICC tourney 2212 (3 2)"]
[Site "Internet Chess Club"]
[Date "2020.12.18"]
[Round "5"]
[White "mhebden"]
[Black "MrNormalName"]
[Result "1-0"]
[ICCResult "Black checkmated"]
[WhiteElo "2503"]
[BlackElo "2181"]
[Opening "Queen's pawn game"]
[ECO "D00"]
[NIC "QP.07"]
[Time "20:58:55"]
[TimeControl "180+2"]

1. d4 Nf6 2. Nc3 d5 3. Bf4 e6 4. e3 Bb4 5. Bd3 c5 6. dxc5 Bxc5 7. Nf3 O-O 8.
O-O Nc6 9. a3 Qe7 10. e4 d4 11. Na4 e5 12. Nxc5 Qxc5 13. Bg5 Ne8 14. Nd2 f6
15. Bc4+ Kh8 16. Bh4 Qe7 17. Qe2 Nd6 18. Bd3 Be6 19. f4 exf4 20. e5 Nf5 21.
exf6 gxf6 22. Bxf5 Bxf5 23. Qxe7 Nxe7 24. Rxf4 Rac8 25. Nf3 Kg7 26. Nxd4 Bd7
27. Raf1 f5 28. Bxe7 Rfe8 29. Bb4 Bc6 30. Nxc6 Rxc6 31. Bc3+ Kg6 32. Rxf5
Re2 33. h4 Rxc2 34. Rg5+ Kh6 35. Bg7# {Black checkmated} 1-0

[Event "ICC tourney 2212 (3 2)"]
[Site "Internet Chess Club"]
[Date "2020.12.18"]
[Round "5"]
[White "edenhe"]
[Black "chessrex"]
[Result "0-1"]
[ICCResult "White forfeits on time"]
[WhiteElo "1518"]
[BlackElo "1958"]
[Opening "Queen's pawn: Charlick (Englund) gambit"]
[ECO "A40"]
[NIC "QO.17"]
[Time "20:58:40"]
[TimeControl "180+2"]

1. d4 e5 2. dxe5 Nc6 3. Nf3 Nge7 4. Nc3 h6 5. Bf4 g5 6. Bg3 Bg7 7. e4 Ng6 8.
Bc4 Ncxe5 9. Nxe5 Nxe5 10. Bb3 d6 11. O-O Be6 12. Bxe6 fxe6 13. Bxe5 Bxe5
14. Qd3 O-O 15. Rad1 Qf6 16. f3 Rad8 17. Kh1 Qg6 18. h3 h5 19. b3 Qf6 20.
Ne2 Qh6 21. Qc4 g4 22. fxg4 hxg4 23. Rg1 Kh8 24. Rgf1 gxh3 25. g4 Qg5 26.
Qxe6 Rde8 27. Rxf8+ Rxf8 {White forfeits on time} 0-1

[Event "ICC tourney 2212 (3 2)"]
[Site "Internet Chess Club"]
[Date "2020.12.18"]
[Round "5"]
[White "PearsonH"]
[Black "JensenUVA"]
[Result "1-0"]
[ICCResult "Black forfeits on time"]
[WhiteElo "1756"]
[BlackElo "1516"]
[Opening "Queen's pawn: London system"]
[ECO "A45"]
[NIC "QP.07"]
[Time "20:58:07"]
[TimeControl "180+2"]

1. d4 Nf6 2. Bf4 g6 3. Nc3 d5 4. e3 Bg7 5. Be2 a6 6. h4 c5 7. h5 Nc6 8. hxg6
fxg6 9. Nf3 Bg4 10. Ne5 Bxe2 11. Nxe2 cxd4 12. exd4 Nh5 13. Nxc6 bxc6 14.
Bh2 O-O 15. Ng3 Nxg3 16. Bxg3 Qa5+ 17. c3 Qd8 18. Qe2 Qd7 19. Qe3 Rae8 20.
Be5 Qe6 21. Bxg7 Qxe3+ 22. fxe3 Kxg7 23. Ke2 e5 24. Raf1 exd4 25. Rxf8 Rxf8
26. exd4 Re8+ 27. Kd2 Re4 28. Rf1 h5 29. Kd3 Rg4 30. Rf2 Rg3+ 31. Kc2 h4 32.
b3 g5 33. c4 g4 34. cxd5 cxd5 35. b4 h3 36. gxh3 gxh3 37. Kd1 Rd3+ 38. Ke2
Rxd4 39. Rh2 {Black forfeits on time} 1-0

[Event "ICC tourney 2212 (3 2)"]
[Site "Internet Chess Club"]
[Date "2020.12.18"]
[Round "5"]
[White "pmchess98"]
[Black "ved2006"]
[Result "1-0"]
[ICCResult "Black checkmated"]
[WhiteElo "1441"]
[BlackElo "1719"]
[Opening "French: advance, Milner-Barry gambit"]
[ECO "C02"]
[NIC "FR.03"]
[Time "20:58:08"]
[TimeControl "180+2"]

1. e4 e6 2. d4 d5 3. e5 c5 4. c3 Nc6 5. Nf3 Qb6 6. Bd3 Bd7 7. O-O cxd4 8.
cxd4 Nxd4 9. Nxd4 Qxd4 10. Nc3 Qb6 11. Kh1 Ne7 12. f4 Ng6 13. Qf3 Bc6 14.
Qg3 Bb4 15. f5 exf5 16. Bxf5 Bxc3 17. Qxc3 d4 18. Qg3 Bb5 19. Re1 O-O 20.
Bxg6 Qxg6 21. Qxg6 hxg6 22. Bf4 Rfe8 23. Rad1 d3 24. b3 Rac8 25. a4 Ba6 26.
b4 b5 27. Rxd3 bxa4 28. Rd7 Ra8 29. h4 Bb5 30. Rc7 a6 31. e6 fxe6 32. Be5
Rad8 33. Rxg7+ Kf8 34. Re3 Rd5 35. Rf3# {Black checkmated} 1-0

[Event "ICC tourney 2212 (3 2)"]
[Site "Internet Chess Club"]
[Date "2020.12.18"]
[Round "5"]
[White "ritterfork"]
[Black "clair"]
[Result "1-0"]
[ICCResult "Black checkmated"]
[WhiteElo "1846"]
[BlackElo "1682"]
[Opening "Robatsch (modern) defense"]
[ECO "B06"]
[NIC "KF.05"]
[Time "20:58:03"]
[TimeControl "180+2"]

1. e4 g6 2. d4 Bg7 3. c3 e6 4. Nf3 Ne7 5. Bd3 b6 6. Nbd2 Bb7 7. O-O d5 8. e5
O-O 9. Re1 Nd7 10. Qe2 c5 11. Nf1 cxd4 12. cxd4 Nc6 13. Ne3 Nb4 14. Bb1 Rc8
15. a3 Ba6 16. Qd1 Nd3 17. Bxd3 Bxd3 18. Qxd3 f6 19. exf6 Nxf6 20. Nd1 Ne4
21. Nc3 Nxc3 22. bxc3 Qd6 23. a4 Rc6 24. Ba3 Qc7 25. Bxf8 Bxf8 26. Rac1 h6
27. Qxg6+ Qg7 28. Qxg7+ Kxg7 29. Ne5 Rc7 30. c4 dxc4 31. Rxc4 Rxc4 32. Nxc4
Kf6 33. g3 Bb4 34. Re4 Kf5 35. Re5+ Kf6 36. Rh5 Kg6 37. g4 Bc3 38. Ne5+ Kh7
39. Nc6 a6 40. g5 b5 41. Rxh6+ Kg7 42. axb5 axb5 43. Rxe6 b4 44. Re7+ Kg6
45. Rb7 Kxg5 46. d5 Kf5 47. d6 Ke6 48. d7 Bf6 49. d8=Q Bxd8 50. Nxd8+ Kd5
51. Rxb4 Kc5 52. Re4 Kd5 53. f3 Kd6 54. Nf7+ Kd5 55. Ng5 Kd6 56. f4 Kd5 57.
f5 Kd6 58. f6 Kd7 59. f7 Kc6 60. f8=N Kd5 61. h4 Kd6 62. h5 Kd5 63. h6 Kd6
64. h7 Kd5 65. h8=Q Kd6 66. Qd4+ Kc7 67. Nge6+ Kc8 68. Qc5+ Kb8 69. Rb4+ Ka8
70. Qa5# {Black checkmated} 1-0

[Event "ICC tourney 2212 (3 2)"]
[Site "Internet Chess Club"]
[Date "2020.12.18"]
[Round "5"]
[White "Averyyu321"]
[Black "chessfidebullet"]
[Result "1-0"]
[ICCResult "Black checkmated"]
[WhiteElo "1739"]
[BlackElo "1289"]
[Opening "French: Tarrasch"]
[ECO "C03"]
[NIC "FR.14"]
[Time "20:58:10"]
[TimeControl "180+2"]

1. e4 e6 2. d4 d5 3. Nd2 c6 4. c3 Nf6 5. Bd3 Be7 6. e5 Nfd7 7. Ngf3 Nb6 8.
O-O Na6 9. Re1 O-O 10. Nf1 Nc7 11. Ng3 Ne8 12. h3 f6 13. Qc2 f5 14. Ne2 g6
15. Nf4 Ng7 16. Kh2 c5 17. Rg1 c4 18. Be2 Bd7 19. g4 Ba4 20. b3 Bb5 21. Qb2
Bc6 22. a4 cxb3 23. Qxb3 Bxa4 24. Rxa4 Nxa4 25. Qxa4 Qe8 26. Qb3 fxg4 27.
Rxg4 Nf5 28. Nxe6 Rf7 29. Nc7 Qc8 30. Nxa8 Qxa8 31. Qxd5 Kg7 32. Bc4 Rf8 33.
Bg5 Nh6 34. Bxe7 Nxg4+ 35. hxg4 Re8 36. Qf7+ Kh6 37. Bg5# {Black checkmated}
1-0

[Event "ICC tourney 2212 (3 2)"]
[Site "Internet Chess Club"]
[Date "2020.12.18"]
[Round "5"]
[White "Tacticsguy52"]
[Black "Kinawa"]
[Result "1-0"]
[ICCResult "Black forfeits on time"]
[WhiteElo "1845"]
[BlackElo "1535"]
[Opening "Caro-Kann: Steinitz variation"]
[ECO "B17"]
[NIC "CK.05"]
[Time "20:58:10"]
[TimeControl "180+2"]

1. e4 c6 2. d4 d5 3. Nc3 dxe4 4. Nxe4 Nd7 5. Qe2 e6 6. Nf3 Ngf6 7. Bg5 Be7
8. Nxf6+ Nxf6 9. O-O-O b6 10. Qc4 Bb7 11. Ne5 Qc7 12. Be2 Nd5 13. Bxe7 Nxe7
14. Bh5 g6 15. Bg4 Nd5 16. Rhe1 Rf8 17. Qa4 O-O-O 18. Qxa7 Nf6 19. Bh3 Nd7
20. Nxd7 Rxd7 21. g3 Rd5 22. Bg2 Ra5 23. Qxa5 bxa5 24. Re5 Kb8 25. Rd3 Rd8
26. Rc5 Rd5 27. Bxd5 exd5 28. Ra3 Qe7 29. Re3 Qc7 30. Re8+ Ka7 31. Re3 Kb8
32. Re8+ Bc8 33. Re3 Bb7 34. Re8+ Ka7 35. Re3 Kb8 36. Ra3 Qe7 37. Kd1 Ba6
38. Re3 Qc7 39. Re8+ Ka7 40. Re3 Qd7 41. Rxa5 Qb7 42. Rea3 Qxb2 43. Rxa6+
Kb7 44. Rb3+ {Black forfeits on time} 1-0

[Event "ICC tourney 2212 (3 2)"]
[Site "Internet Chess Club"]
[Date "2020.12.18"]
[Round "5"]
[White "miyzhang"]
[Black "xcelswimmer"]
[Result "0-1"]
[ICCResult "White forfeits on time"]
[WhiteElo "1227"]
[BlackElo "1920"]
[Opening "French: Tarrasch, open, 4.ed ed"]
[ECO "C08"]
[NIC "FR.20"]
[Time "20:58:08"]
[TimeControl "180+2"]

1. e4 e6 2. d4 d5 3. Nd2 c5 4. exd5 exd5 5. c3 Nc6 6. Ndf3 Nf6 7. Bd3 Bd6 8.
dxc5 Bxc5 9. Ne2 O-O 10. Bg5 Bg4 11. Nh4 h6 12. Bd2 Ne4 13. Bxe4 dxe4 14. h3
Bxe2 15. Qxe2 Qxh4 16. g3 Qe7 17. g4 Ne5 18. g5 Nf3+ 19. Kf1 Nxd2+ 20. Qxd2
Qxg5 21. Qe2 e3 22. fxe3 Qxe3 23. Qxe3 Bxe3 24. Ke2 Rfe8 25. Kf3 Rad8 26.
Rhe1 Bb6 27. Rxe8+ Rxe8 28. Kf4 g5+ 29. Kg4 Re4+ 30. Kg3 f5 31. Rf1 f4+ 32.
Kg4 Kg7 33. h4 Kg6 34. hxg5 hxg5 35. Rh1 Re3 36. Rg1 Re2 37. Rh1 Rxb2 38.
Re1 Kf6 39. Rh1 Rg2+ 40. Kf3 Rg3+ 41. Ke2 f3+ 42. Ke1 f2+ 43. Ke2 Rg1 44.
Rh6+ Kf5 {White forfeits on time} 0-1